 Seeded DCSS version 0.30-a0-743-gbfdf073431 (webtiles) character file.

Game seed: 5430720872467839093 (custom seed)

130 hbarley the Chopper (level 5, 46/46 HPs)
             Began as a Hill Orc Fighter on Feb 7, 2023.
             Quit the game on level 2 of the Dungeon.
             The game lasted 00:04:08 (1753 turns).

hbarley the Chopper (Hill Orc Fighter)              Turns: 1753, Time: 00:04:08

Health: 46/46      AC:  7    Str: 25    XL:     5   Next: 14%
Magic:  5/5        EV:  9    Int:  8    God:
Gold:   13         SH:  5    Dex: 12    Spells: 4/4 levels left

rFire   . . .      SeeInvis .    a - +0 war axe
rCold   . . .      Faith    .    c - +0 buckler
rNeg    . . .      Spirit   .    b - +0 scale mail
rPois   .          Reflect  .    (no helmet)
rElec   .          Harm     .    (no cloak)
rCorr   .          Rampage  .    (no gloves)
Will    .....                    (no boots) Stlth
                                 (no amulet)
HPRegen 0.27/turn                m - +6 ring of strength
MPRegen 0.09/turn                (no ring)

@: studying Stealth
A: no striking features
a: no special abilities


You were on level 2 of the Dungeon.
You visited 1 branch of the dungeon, and saw 2 of its levels.

You collected 69 gold pieces.
You spent 56 gold pieces at shops.

Inventory:

Hand Weapons
 a - a +0 war axe (weapon)
 t - a +0 antimagic hand axe
Armour
 b - a +0 scale mail (worn)
 c - a +0 buckler (worn)
 u - a +2 pair of gloves of stealth
Jewellery
 m - a +6 ring of strength (left hand)
 o - the ring of Beogh's Hope {rPois rC+ rN+ Str+3 Dex+6 Stlth-}
   (You acquired it on level 2 of the Dungeon)

   [ring of dexterity]

   Str:       It affects your strength (+3).
   Dex:       It affects your dexterity (+6).
   rC:        It protects you from cold.
   rPois:     It protects you from poison.
   rN:        It protects you from negative energy.
   Stlth:     It makes you less stealthy.
 s - a ring of protection from cold
Scrolls
 f - a scroll of torment {unknown}
 g - 3 scrolls of amnesia {unknown}
 h - 3 scrolls of identify
 k - a scroll of noise {unknown}
 l - a scroll of teleportation {unknown}
 n - a scroll of brand weapon {unknown}
 p - a scroll of enchant armour {unknown}
 q - a scroll of fog {unknown}
 r - a scroll of immolation {unknown}
Potions
 d - a potion of might
 e - a potion of mutation {unknown}
 i - a potion of attraction {unknown}
 j - 2 potions of curing {unknown}


   Skills:
 + Level 4.1 Fighting
 + Level 5.0 Axes
 + Level 4.0 Armour
 + Level 0.4 Dodging
 + Level 3.9 Shields


You had 4 spell levels left.
You didn't know any spells.
Your spell library was empty.

Dungeon Overview and Level Annotations

Branches:
Dungeon (2/15)

Altars:

Shops:
D:2 ?


Message History

You kill the gnoll!
You slash the gnoll!
You kill the gnoll!
You block the gnoll's attack.
You have reached level 5!
You feel stronger.
You slash the gnoll!
The gnoll is severely wounded.
The gnoll hits you with a +0 flail.
You hit the gnoll.
The gnoll is almost dead.
The gnoll hits you with a +0 flail!
You barely miss the gnoll.
The gnoll is almost dead.
The gnoll hits you with a +0 flail. The gnoll hits you but does no damage.
You closely miss the gnoll.
The gnoll is almost dead.
You block the gnoll's attack.
You slash the gnoll!
You kill the gnoll!
Your Axes skill increases to level 5!
Items here: )) ††.
Found Doddoiw's Magic Scroll Shoppe.
There is an entrance to Doddoiw's Magic Scroll Shoppe here.
h - 2 scrolls of identify (gained 1);
h - 3 scrolls of identify (gained 1) Thank you for shopping at Doddoiw's Magic Scroll Shoppe!
There is an entrance to Doddoiw's Magic Scroll Shoppe here.
Done exploring.
Done exploring.
This is a scroll of acquirement!
Something appears at your feet!
t - a +0 antimagic hand axe You see here a manual of Stealth.
Something appears at your feet!
You pick up a manual of Stealth and begin studying.
Something appears at your feet!
u - a +2 pair of gloves of stealth Something appears at your feet!
o - the ring of Beogh's Hope {rPois rC+ rN+ Str+3 Dex+6 Stlth-} Done exploring.
Are you sure you want to abandon this character and quit the game? (Confirm with "yes".)

##.#.#.......#.#......
#.....#...#.....#...#
##.#....#....#....#..
#.....#...#.....#...#
##.#.#...)...#.#......
##.......#.#.......#.#.
#..#...#.....#...#.....
#....#....#....#....#.#
#.....@#.....#...#....#
###..#...#.#.......#...
##...#.....##........
###.##.#####..#..###
#.##.#####.##..#
#.##.......##..###
#>#####........... #.#
##.......... #.#
##.#.#......


There were no monsters in sight!

Vanquished Creatures
  A necrophage (D:2)
  3 gnolls (D:2)
  An adder (D:2)
  3 bats
  5 endoplasms
  4 goblins
  2 hobgoblins
  4 jackals (D:1)
  5 kobolds
  2 quokkas (D:1)
  2 ball pythons (D:1)
  A frilled lizard (D:2)
  A rat (D:1)
34 creatures vanquished.

Notes
Turn   | Place    | Note
-------+----------+-------------------------------------------
     0 | D:1      | hbarley the Hill Orc Fighter began the quest for the Orb.
     0 | D:1      | Reached XP level 1. HP: 19/19 MP: 1/1
    66 | D:1      | Reached XP level 2. HP: 19/27 MP: 2/2
   825 | D:1      | Reached XP level 3. HP: 33/33 MP: 3/3
   997 | D:2      | Reached skill level 3 in Axes
  1359 | D:2      | Noticed a necrophage
  1367 | D:2      | Killed a necrophage
  1368 | D:2      | Reached skill level 4 in Axes
  1368 | D:2      | Reached XP level 4. HP: 39/40 MP: 4/4
  1474 | D:2      | Reached XP level 5. HP: 42/46 MP: 5/5
  1479 | D:2      | Reached skill level 5 in Axes
  1686 | D:2      | Found Doddoiw's Magic Scroll Shoppe.
  1694 | D:2      | Bought a scroll of identify for 28 gold pieces
  1694 | D:2      | Bought a scroll of identify for 28 gold pieces
  1745 | D:2      | Identified 4 scrolls of acquirement
  1745 | D:2      | Acquired a +0 antimagic hand axe
  1747 | D:2      | Acquired a manual of Stealth
  1749 | D:2      | Acquired a +2 pair of gloves of stealth
  1751 | D:2      | Acquired the ring of Beogh's Hope {rPois rC+ rN+ Str+3
                  | Dex+6 Stlth-}
  1753 | D:2      | Quit the game

Illustrated notes

Levels and vault maps discovered:
D:1:      dpeg_arrival_boxes_within_box, layout_basic
D:2:      layout_loops_ring, serial_shops, shop, nicolae_kite_square_tiling_tiny

Skill      XL: |  1  2  3  4  5 |
---------------+----------------+-----
Fighting       | 4 |  4.1
Axes           | 4 5 |  5.0
Armour         | 4 |  4.0
Dodging        | |  0.4
Shields        | |  3.9

Action                     |  1- 3 |  4- 6 || total
---------------------------+-------+-------++-------
  Melee: War axe           |    80 |    15 ||    95
    Use: Scroll            |       |     4 ||     4
 Armour: Scale mail        |    46 |     5 ||    51
  Dodge: Dodged            |    40 |     3 ||    43
  Block: Buckler           |    25 |     6 ||    31

Table legend: (Time is in decaauts)
 A = Elapsed time spent in this place.
 B = Non-inter-level travel time spent in this place.
 C = Inter-level travel time spent in this place.
 D = Time resting spent in this place.
 E = Time spent auto-exploring this place.
 F = Levels seen in this place.
 G = Mean time per level.
                   A        B        C        D        E       F      G
               +--------+--------+--------+--------+--------+-----+--------+
         Total |   1789 |   1658 |    131 |      0 |   1387 |   2 |  894.5 |
       Dungeon |   1789 |   1658 |    131 |      0 |   1387 |   2 |  894.5 |
               +--------+--------+--------+--------+--------+-----+--------+

Top non-repeatable levels by time:
     D:1: 1013 daAuts
     D:2: 775 daAuts
